 Dungeon Crawl Stone Soup version 0.31-a0-496-g6f97920a28 (console) character file.

Game seed: 4082463441434987017

8254 jejorda2 the Cleaver (level 11, -3/89 HPs)
             Began as a Gnoll Berserker on Aug 8, 2023.
             Was a Priest of Trog.
             Slain by a sixfirhy (9 damage)
             ... summoned by an obsidian statue
             ... on level 9 of the Dungeon.
             The game lasted 00:18:44 (8383 turns).

jejorda2 the Cleaver (Gnoll Berserker)              Turns: 8383, Time: 00:18:45

Health: -3/89      AC:  5    Str: 22    XL:     11   Next: 28%
Magic:  0/20       EV: 11    Int:  6    God:    Trog [***...]
Gold:   587        SH:  0    Dex: 11    Spells: 22/22 levels left

rFire   + . .        a - +6 shillelagh "Devastator" {shatter}
rCold   . . .        (no shield)
rNeg    + . .        v - +0 chain mail {rF+}
rPois   .            (no helmet)
rElec   .            f - +0 cloak
rCorr   .            y - +2 pair of gloves
SInv    .            D - +1 pair of boots
Will    +....        m - amulet of guardian spirit Stlth
                     e - ring of willpower
HPRegen 0.34/turn    l - ring of positive energy
MPRegen 0.17/turn

%: guardian spirit
@: about to teleport, corroded, on berserk cooldown, slowed, very slow
A: fangs 1, strong nose, distributed training
a: Renounce Religion, Berserk, Trog's Hand


You were on level 9 of the Dungeon.
You worshipped Trog.
Trog was most pleased with you.
You visited 1 branch of the dungeon, and saw 9 of its levels.

You collected 605 gold pieces.
You spent 18 gold pieces at shops.

Inventory:

Hand Weapons
 a - the +6 shillelagh "Devastator" (weapon) {shatter}
   (You found it on level 8 of the Dungeon)
 h - the +7 dagger "Spiderslayer" {spect, rF- rN++ rCorr SInv}
   (You found it on level 2 of the Dungeon)

   rF:        It makes you vulnerable to fire.
   rN:        It greatly protects you from negative energy.
   SInv:      It lets you see invisible.
   rCorr:     It protects you from acid and corrosion.
 H - a +2 hand axe of electrocution
Missiles
 q - 2 datura-tipped darts
 s - 18 poisoned darts
 t - 5 javelins
 F - 7 boomerangs
Armour
 f - a +0 cloak (worn)
 v - a +0 chain mail of fire resistance (worn)
 y - a +2 pair of gloves (worn)
 z - a +0 ring mail of cold resistance
 D - a +1 pair of boots (worn)
 E - a +0 plate armour
Jewellery
 e - a ring of willpower (left hand)
 i - a ring of ice
 l - a ring of positive energy (right hand)
 m - an amulet of guardian spirit (around neck)
Wands
 b - a wand of paralysis (29) (quivered)
 n - a wand of light (8)
 u - a wand of mindburst (5)
Scrolls
 d - a scroll of teleportation
 o - 3 scrolls of revelation
Potions
 c - a potion of experience {unknown}
 g - 4 potions of lignification
 j - a potion of mutation {unknown}
 k - a potion of invisibility {unknown}
 p - 2 potions of attraction {unknown}
 r - a potion of ambrosia
 w - a potion of heal wounds {unknown}
 A - 2 potions of enlightenment
 B - a potion of berserk rage {unknown}
 C - 2 potions of curing {unknown}
 G - a potion of might {unknown}


   Skills:
 + Level 9.1 Fighting
 + Level 6.2 Short Blades
 + Level 6.2 Long Blades
 + Level 9.1 Axes
 + Level 6.2 Maces & Flails
 + Level 6.2 Polearms
 + Level 6.2 Staves
 + Level 6.2 Ranged Weapons
 + Level 6.2 Throwing
 + Level 7.8 Armour
 + Level 7.8 Dodging
 + Level 6.2 Stealth
 + Level 6.2 Shields
 + Level 6.2 Unarmed Combat
 + Level 6.2 Spellcasting
 + Level 5.1 Conjurations
 + Level 5.1 Hexes
 + Level 5.1 Summonings
 + Level 5.1 Necromancy
 + Level 5.1 Translocations
 + Level 5.1 Transmutations
 + Level 5.1 Fire Magic
 + Level 5.1 Ice Magic
 + Level 5.1 Air Magic
 + Level 5.1 Earth Magic
 + Level 5.1 Poison Magic
 + Level 6.8 Invocations
 + Level 6.2 Evocations
 + Level 5.1 Shapeshifting


You had 22 spell levels left.
You didn't know any spells.
Your spell library was empty.

Dungeon Overview and Level Annotations

Branches:
Dungeon (9/15)             Temple (0/1) D:4
   Lair: D:8-11         Orc: D:9-12

Altars:
Dithmenos
Elyvilon
Gozag
Hepliaklqana
Kikubaaqudgha
Qazlal
Ru
Sif Muna
Trog
Vehumet
Xom
Zin
The Shining One

Shops:
D:1 [   D:4 *

Annotations:
D:9 exclusion: obsidian statue, CraigForest's ghost, novice MfGl


Innate Abilities, Weirdness & Mutations

You have very sharp teeth.
Your uncanny sense of smell can sniff out nearby items.
Your experience applies equally to all skills.


Message History

The sixfirhy closely misses you. The sixfirhy hits you!
The sixfirhy shocks you!
* * * LOW HITPOINT WARNING * * *
The obsidian statue's eyes glow briefly.
The obsidian statue attempts to bespell you!
You resist with almost no effort. CraigForest's ghost hits you.
* * * LOW HITPOINT WARNING * * *
The smoke demon gestures at you.
The sticky flame hits you but does no damage.
You are covered in liquid flames!
Okay, then.
As you read the scroll of teleportation, it crumbles to dust.
You feel strangely unstable.
You are covered in liquid flames!
* * * LOW HITPOINT WARNING * * *
You are no longer on fire.
The obsidian statue's eyes glow briefly.
CraigForest's ghost hits you but does no damage.
The rust devil hits you.
* * * LOW HITPOINT WARNING * * *
The rust devil corrodes you!
The smoke demon hits you but does no damage.
The smoke demon misses you.
The smoke demon hits you but does no damage.
CraigForest's ghost hits you but does no damage.
The smoke demon gestures at you. The ball of steam hits you! You resist.
* * * LOW HITPOINT WARNING * * *
The ball of steam hits the crimson imp.
The crimson imp resists.
The rust devil hits you. The rust devil corrodes you!
The rust devil attacks as you move away!
The rust devil hits you.
* * * LOW HITPOINT WARNING * * *
The rust devil corrodes you!
The sixfirhy is engulfed in a cloud of scalding steam.
The sixfirhy hits you but does no damage.
The sixfirhy hits you.
* * * LOW HITPOINT WARNING * * *
The sixfirhy shocks you!
You die...

....#..........................##
....#..........).................
....#.########................)..
....#.'......#................[..
....'.#......#............[......
..###.#......+...................
..#...########....#####..........
..#.....<........##.8∩##........#
#+#.....#######.@#35.$5#........#
........#.......3§W$.$8#.....####
........#.......5'4_8.∩#.....#
........#......§.§$$$.8#.....####
........#.....§.5#$..$∩#.........
........#....§...##.8.##.........
........#...§.....#####..........
..#####.#####......#.............
#.# #.....'......#......#######


You could see an obsidian statue, a rust devil (summoned), a sixfirhy
(summoned), a smoke demon (summoned), CraigForest's ghost, a crimson imp
(summoned), a white imp (summoned) and a shadow imp (summoned).

Vanquished Creatures
  A centaur warrior (D:9)
  Erica (D:8)
  A two-headed ogre (D:9)
  2 wizards (D:9)
  Maurice (D:9)
  Psyche (D:8)
  2 kobold demonologists (D:9)
  2 hornets
  A shadow (D:9)
  A vampire (D:9)
  4 yaks (D:8)
  A water moccasin (D:5)
  An orc warrior (D:9)
  An ice beast (D:6)
  A sky beast (D:8)
  4 black bears
  An ogre (D:4)
  A centaur (D:8)
  3 phantoms
  A kobold brigand (D:9)
  4 bullfrogs
  4 scorpions (D:5)
  14 wights
  The ghost of jlumianski the Ducker, a weakling DjFE (D:3)
  A howler monkey (D:9)
  4 hounds
  2 jellies (D:7)
  6 orc priests
  4 iguanas
  3 orc wizards
  8 gnolls
  An adder (D:2)
  A white imp (D:6)
  An ufetubus (D:7)
  2 worms (D:2)
  2 dart slugs
  23 orcs
  9 ball pythons
  5 endoplasms
  A giant cockroach (D:3)
  9 goblins
  7 hobgoblins
  8 jackals
  11 kobolds
  3 quokkas
  10 bats
  12 frilled lizards (D:1)
  5 rats
192 creatures vanquished.

Vanquished Creatures (others)
  An endoplasm (D:3)
1 creature vanquished.

Grand Total: 193 creatures vanquished

Notes
Turn   | Place    | Note
-------+----------+-------------------------------------------
     0 | D:1      | jejorda2 the Gnoll Berserker began the quest for the Orb.
     0 | D:1      | Reached XP level 1. HP: 23/23 MP: 1/1
    97 | D:1      | Reached XP level 2. HP: 20/29 MP: 2/2
   233 | D:1      | Found Titoz's Antique Armour Shoppe.
   352 | D:1      | Reached XP level 3. HP: 33/35 MP: 3/3
   561 | D:1      | Reached skill level 1 in Invocations
   716 | D:1      | Reached ** piety under Trog
   788 | D:2      | Reached skill level 1 in Short Blades
   788 | D:2      | Reached skill level 1 in Long Blades
   788 | D:2      | Reached skill level 1 in Maces & Flails
   788 | D:2      | Reached skill level 1 in Polearms
   788 | D:2      | Reached skill level 1 in Staves
   788 | D:2      | Reached skill level 1 in Ranged Weapons
   788 | D:2      | Reached skill level 1 in Throwing
   788 | D:2      | Reached skill level 1 in Stealth
   788 | D:2      | Reached skill level 1 in Shields
   788 | D:2      | Reached skill level 1 in Unarmed Combat
   788 | D:2      | Reached skill level 1 in Spellcasting
   788 | D:2      | Reached skill level 1 in Evocations
   799 | D:2      | Reached XP level 4. HP: 41/41 MP: 5/5
   947 | D:2      | Identified the +7 dagger "Spiderslayer" {spect, rF- rN++
                  | rCorr SInv}
  1039 | D:2      | Reached skill level 1 in Conjurations
  1039 | D:2      | Reached skill level 1 in Hexes
  1039 | D:2      | Reached skill level 1 in Summonings
  1039 | D:2      | Reached skill level 1 in Necromancy
  1039 | D:2      | Reached skill level 1 in Translocations
  1039 | D:2      | Reached skill level 1 in Transmutations
  1039 | D:2      | Reached skill level 1 in Fire Magic
  1039 | D:2      | Reached skill level 1 in Ice Magic
  1039 | D:2      | Reached skill level 1 in Air Magic
  1039 | D:2      | Reached skill level 1 in Earth Magic
  1039 | D:2      | Reached skill level 1 in Poison Magic
  1039 | D:2      | Reached skill level 1 in Shapeshifting
  1339 | D:2      | Reached XP level 5. HP: 47/47 MP: 5/7
  1617 | D:3      | Found a transporter.
  1620 | D:3      | Noticed jlumianski's ghost (weakling DjFE)
  1625 | D:3      | Found a transporter.
  1632 | D:3      | Killed jlumianski's ghost
  1871 | D:3      | Found a faded altar of an unknown god.
  2229 | D:4      | Noticed a phantom
  2229 | D:4      | Noticed a black bear
  2231 | D:4      | Killed a black bear
  2232 | D:4      | Reached skill level 5 in Armour
  2232 | D:4      | Reached skill level 5 in Dodging
  2232 | D:4      | Reached XP level 6. HP: 53/53 MP: 7/9
  2244 | D:4      | Reached *** piety under Trog
  2475 | D:4      | Found a staircase to the Ecumenical Temple.
  2497 | D:4      | Found Luileol's CLEARANCE SALE!.
  2506 | D:4      | Bought a wand of paralysis (3) for 7 gold pieces
  2506 | D:4      | Bought a +0 chain mail of fire resistance for 11 gold
                  | pieces
  2623 | D:4      | Noticed a black bear
  2630 | D:4      | Killed a black bear
  2631 | D:4      | Reached XP level 7. HP: 52/60 MP: 10/10
  2773 | D:4      | Found a glowing golden altar of the Shining One.
  3158 | D:5      | Entered Level 5 of the Dungeon
  3336 | D:5      | Reached XP level 8. HP: 53/67 MP: 9/12
  3970 | D:5      | Found a bloodstained altar of Trog.
  4329 | D:6      | Reached **** piety under Trog
  4382 | D:6      | Reached XP level 9. HP: 71/73 MP: 12/14
  5236 | D:7      | Found a shimmering altar of Xom.
  5236 | D:7      | Found a white marble altar of Elyvilon.
  5236 | D:7      | Found a hazy altar of Hepliaklqana.
  5547 | D:7      | Found a radiant altar of Vehumet.
  5552 | D:7      | Found an ancient bone altar of Kikubaaqudgha.
  5554 | D:7      | Found a shimmering blue altar of Sif Muna.
  5881 | D:8      | Noticed Erica
  5887 | D:8      | Killed Erica
  6022 | D:8      | Reached skill level 5 in Invocations
  6257 | D:8      | Noticed Psyche
  6268 | D:8      | Killed Psyche
  6370 | D:8      | Found a shadowy altar of Dithmenos.
  6555 | D:8      | Noticed a hornet
  6567 | D:8      | Paralysed by a hornet for 3 turns
  6572 | D:8      | Killed a hornet
  6573 | D:8      | Reached XP level 10. HP: 80/80 MP: 12/17
  6575 | D:8      | Reached skill level 5 in Short Blades
  6575 | D:8      | Reached skill level 5 in Long Blades
  6575 | D:8      | Reached skill level 5 in Maces & Flails
  6575 | D:8      | Reached skill level 5 in Polearms
  6575 | D:8      | Reached skill level 5 in Staves
  6575 | D:8      | Reached skill level 5 in Ranged Weapons
  6575 | D:8      | Reached skill level 5 in Throwing
  6575 | D:8      | Reached skill level 5 in Stealth
  6575 | D:8      | Reached skill level 5 in Shields
  6575 | D:8      | Reached skill level 5 in Unarmed Combat
  6575 | D:8      | Reached skill level 5 in Spellcasting
  6575 | D:8      | Reached skill level 5 in Evocations
  6747 | D:8      | Found the +6 shillelagh "Devastator" {shatter}
  6968 | D:9      | Noticed a two-headed ogre
  6976 | D:9      | Killed a two-headed ogre
  7056 | D:9      | Found a runed translucent gate.
  7057 | D:9      | Found a runed translucent gate.
  7057 | D:9      | Found an opulent altar of Gozag.
  7058 | D:9      | Found a runed translucent gate.
  7058 | D:9      | Noticed an obsidian statue
  7060 | D:9      | Noticed a centaur warrior
  7060 | D:9      | Noticed a wizard
  7060 | D:9      | Noticed CraigForest's ghost (novice MfGl)
  7060 | D:9      | Noticed a wizard
  7151 | D:9      | Noticed a kobold demonologist
  7151 | D:9      | Noticed a kobold demonologist
  7166 | D:9      | Killed a kobold demonologist
  7167 | D:9      | Killed a kobold demonologist
  7326 | D:9      | Noticed Maurice
  7343 | D:9      | Killed Maurice
  7570 | D:9      | Found a faded altar of an unknown god.
  7570 | D:9      | Found a faded altar of an unknown god.
  7575 | D:9      | Paralysed by a hornet for 3 turns
  7580 | D:9      | Paralysed by a hornet for 2 turns
  7590 | D:9      | HP: 4/82 [poisoned by a hornet]
  7790 | D:9      | Found a sacrificial altar of Ru.
  7792 | D:9      | Found a stormy altar of Qazlal.
  7794 | D:9      | Found a glowing silver altar of Zin.
  7888 | D:9      | Reached XP level 11. HP: 83/87 MP: 17/19
  8363 | D:9      | Killed a wizard
  8364 | D:9      | Reached skill level 5 in Conjurations
  8364 | D:9      | Reached skill level 5 in Hexes
  8364 | D:9      | Reached skill level 5 in Summonings
  8364 | D:9      | Reached skill level 5 in Necromancy
  8364 | D:9      | Reached skill level 5 in Translocations
  8364 | D:9      | Reached skill level 5 in Transmutations
  8364 | D:9      | Reached skill level 5 in Fire Magic
  8364 | D:9      | Reached skill level 5 in Ice Magic
  8364 | D:9      | Reached skill level 5 in Air Magic
  8364 | D:9      | Reached skill level 5 in Earth Magic
  8364 | D:9      | Reached skill level 5 in Poison Magic
  8364 | D:9      | Reached skill level 5 in Shapeshifting
  8366 | D:9      | Killed a centaur warrior
  8373 | D:9      | Killed a wizard
  8379 | D:9      | Noticed a sixfirhy
  8383 | D:9      | Slain by a sixfirhy

Illustrated notes

Levels and vault maps discovered:
D:1:      dpeg_arrival_solitude, layout_rooms, serial_shops, shop,
          minmay_lizard_king
D:2:      layout_loops_ring, minmay_misc_feat_square
D:3:      layout_basic, gammafunk_ghost_arena, dreamdust_ecumenical_altar_grove,
          nicolae_twisty_statue_hallways
D:4:      layout_loops_cross, nicolae_tso_swordbearing_angel,
          minmay_temple_entry_glass, nrook_loot_triangle, nicolae_shop_clearance
D:5:      layout_basic, trog_hazing_becter
D:6:      layout_cave_pools
D:7:      layout_loops_ring, grunt_temple_overflow_magic_moments,
          gammafunk_temple_overflow_forgotten
D:8:      layout_loops_corners, kennysheep_little_box, uniq_psyche, uniq_erica
D:9:      layout_irregular_city, chequers_temple_overflow_minitemple,
          ebering_ghost_gozag, uniq_maurice

Skill      XL: |  1  2  3  4  5  6  7  8  9 10 11 |
---------------+----------------------------------+-----
Invocations    | 1 2 3 4 5 6 |  6.8
Short Blades   | 1 2 3 4 5 6 |  6.2
Long Blades    | 1 2 3 4 5 6 |  6.2
Maces & Flails | 1 2 3 4 5 6 |  6.2
Polearms       | 1 2 3 4 5 6 |  6.2
Staves         | 1 2 3 4 5 6 |  6.2
Ranged Weapons | 1 2 3 4 5 6 |  6.2
Throwing       | 1 2 3 4 5 6 |  6.2
Stealth        | 1 2 3 4 5 6 |  6.2
Shields        | 1 2 3 4 5 6 |  6.2
Unarmed Combat | 1 2 3 4 5 6 |  6.2
Spellcasting   | 1 2 3 4 5 6 |  6.2
Evocations     | 1 2 3 4 5 6 |  6.2
Conjurations   | 1 2 3 4 5 |  5.1
Hexes          | 1 2 3 4 5 |  5.1
Summonings     | 1 2 3 4 5 |  5.1
Necromancy     | 1 2 3 4 5 |  5.1
Translocations | 1 2 3 4 5 |  5.1
Transmutations | 1 2 3 4 5 |  5.1
Fire Magic     | 1 2 3 4 5 |  5.1
Ice Magic      | 1 2 3 4 5 |  5.1
Air Magic      | 1 2 3 4 5 |  5.1
Earth Magic    | 1 2 3 4 5 |  5.1
Poison Magic   | 1 2 3 4 5 |  5.1
Shapeshifting  | 1 2 3 4 5 |  5.1
Armour         | 5 6 7 |  7.8
Dodging        | 5 6 7 |  7.8
Fighting       | 7 8 9 |  9.1
Axes           | 7 8 9 |  9.1

Action                     |  1- 3 |  4- 6 |  7- 9 | 10-12 || total
---------------------------+-------+-------+-------+-------++-------
  Melee: Hand axe          |    81 |    79 |   235 |    27 ||   422
         Bite              |     2 |     6 |    18 |    12 ||    38
         Punch             |     1 |     1 |     9 |     2 ||    13
         Dagger            |       |    13 |       |    13 ||    26
         Shillelagh        |       |       |       |    70 ||    70
 Invoke: Berserk           |     2 |     3 |     6 |     4 ||    15
         Trog's Hand       |       |       |     2 |     2 ||     4
  Evoke: Wand              |       |       |     1 |     2 ||     3
    Use: Scroll            |       |       |     9 |     5 ||    14
         Potion            |       |       |       |     1 ||     1
   Stab: Sleeping          |     1 |     5 |       |       ||     6
         Distracted        |       |     2 |       |       ||     2
         Invisible         |       |       |       |     3 ||     3
 Armour: Animal skin       |     8 |     5 |       |       ||    13
         Ring mail         |       |     8 |       |       ||     8
         Leather armour    |       |     3 |       |       ||     3
         Chain mail        |       |     6 |   131 |    91 ||   228
  Dodge: Dodged            |    41 |    49 |   105 |    76 ||   271

Table legend: (Time is in decaauts)
 A = Elapsed time spent in this place.
 B = Non-inter-level travel time spent in this place.
 C = Inter-level travel time spent in this place.
 D = Time resting spent in this place.
 E = Time spent auto-exploring this place.
 F = Levels seen in this place.
 G = Mean time per level.
                   A        B        C        D        E       F      G
               +--------+--------+--------+--------+--------+-----+--------+
         Total |   8494 |   8134 |    360 |    679 |   6144 |   9 |  943.8 |
       Dungeon |   8494 |   8134 |    360 |    679 |   6144 |   9 |  943.8 |
               +--------+--------+--------+--------+--------+-----+--------+

Top non-repeatable levels by time:
     D:9: 1468 daAuts
     D:8: 1187 daAuts
     D:5: 919 daAuts
     D:7: 911 daAuts
     D:4: 890 daAuts
     D:1: 849 daAuts
     D:6: 805 daAuts
     D:3: 762 daAuts
     D:2: 700 daAuts
